AoeStats
← 从不压堡之人

Nomad

507968881Analyzed
4v4 RM · 12d ago on Sep 20, 2026· 35m 6s· 8 players
Game mode
Random Map
Map size
231×231
Population
200
Speed
Normal
Resources
Standard
Victory
Conquest
Starting age
Dark Age
Ending age
Imperial Age
RankedLock teamsTeams togetherTeam positionsShared explorationLock speedFull tech treeHidden civsTurbo modeCheats
Victory
Defeat
1203
+16
🇷🇴 Magyars · Romania
1168
+18
🇪🇸 Sicilians · Spain
1150
+18
🇨🇳 Persians · China
1147
+18
🇨🇳 Mongols · China
1363
-24
🇨🇳 Dravidians · China
1265
-20
🇨🇳 Spanish · China
1111
-14
1070
-12
Jambo
4:38 Loom
13:23 Feudal Age
14:04 Fishing Lines
17:39 Fletching
20:51 Castle Age
22:08 Bodkin Arrow
25:52 Ballistics
32:02 Double-Bit Axe
32:02 Horse Collar
伐伐伐伐伐木工
3:12 Loom
13:55 Feudal Age
14:53 Man-at-Arms
16:39 Arson
23:13 Castle Age
23:33 Elite Skirmisher
5720638
3:09 Loom
13:16 Feudal Age
17:55 Castle Age
16:12 Double-Bit Axe
16:50 Horse Collar
18:52 Bow Saw
19:09 Heavy Plow
23:04 Forging
23:42 Town Watch
24:36 Wheelbarrow
28:20 Bloodlines
33:06 Imperial Age
31:10 Scale Barding Armor
31:57 Husbandry
32:33 Iron Casting
34:01 Chain Barding Armor
34:48 Conscription
35:35 Two-Man Saw
34:43 Gold Mining
34:36 Elite Skirmisher
35:38 Thumb Ring
35:31 Fletching
RoaZorro
11:43 Loom
14:26 Feudal Age
17:15 Double-Bit Axe
19:53 Castle Age
19:58 Scale Barding Armor
20:43 Husbandry
22:25 Bloodlines
26:46 Wheelbarrow
28:58 Horse Collar
29:45 Bow Saw
30:34 Ballistics
32:12 Fletching
32:25 Padded Archer Armor
叫声乌鸦哥
12:47 Feudal Age
11:57 Loom
13:16 Town Watch
13:18 Double-Bit Axe
16:19 Castle Age
14:02 Fishing Lines
17:34 Bow Saw
17:50 Gillnets
21:00 Gold Mining
22:43 Fletching
26:32 Wheelbarrow
28:51 Horse Collar
32:02 Bodkin Arrow
35:37 Imperial Age
从不压堡之人
4:56 Loom
5:18 Loom
15:33 Feudal Age
16:03 Double-Bit Axe
15:59 Fishing Lines
18:52 Castle Age
17:56 Wheelbarrow
17:51 Gold Mining
20:03 Bow Saw
23:00 Imperial Age
21:16 Gillnets
21:57 Stone Mining
23:20 Caravan
23:54 Clinker Construction
25:36 Chemistry
24:27 Horse Collar
25:16 Town Watch
27:10 Two-Man Saw
28:30 Hand Cart
29:41 Ballistics
29:46 Town Patrol
30:34 Stone Shaft Mining
30:26 Elite Cannon Galleon
31:28 Carvel Hull
31:29 Block Printing
31:49 Theocracy
31:39 Illumination
31:57 Fletching
32:56 Sanctity
32:46 Fervor
32:51 Guilds
34:50 Inquisition
35:01 Redemption
35:36 Conscription
洗心革面重新做人TownYan
15:20 Feudal Age
16:02 Double-Bit Axe
16:08 Gold Mining
16:19 Fishing Lines
19:00 Castle Age
19:10 Fletching
20:28 Bodkin Arrow
20:55 Husbandry
21:06 Bloodlines
21:38 Padded Archer Armor
22:28 Loom
24:09 Ballistics
25:29 Gold Shaft Mining
32:31 Imperial Age
31:18 Leather Archer Armor
31:13 Thumb Ring
31:30 Bow Saw
34:22 Recurve Bow
34:30 Bracer
36:15 Chemistry
LLK是给
11:45 Loom
13:45 Feudal Age
14:28 Town Watch
14:51 Double-Bit Axe
16:36 Town Watch
20:40 Castle Age
18:47 Stone Mining
18:47 Gold Mining
19:09 Fishing Lines
19:35 Gold Mining
21:59 Wheelbarrow
21:36 Bow Saw
21:41 Gillnets
22:02 Medium Warships
27:13 Sanctity
27:01 Pikeman
28:03 Scale Mail Armor
28:14 Forging
29:21 Hand Cart
29:29 Squires
29:14 Arson
32:32 Imperial Age
30:37 Chain Mail Armor
33:12 Iron Casting
31:58 Man-at-Arms
32:24 Gambesons
32:49 Long Swordsman
34:01 Plate Mail Armor
33:41 Horse Collar
Connection lost

Rejoining the realm…

Still unreachable

The connection could not be restored.

Session expired

The server has moved on; the page needs a fresh start.